[Event "*** Titled Tuesday Blitz"]
[Site "Chess.com"]
[Date "2020.05.12"]
[Round "7"]
[White "vovachesss"]
[Black "smshk35"]
[Result "0-1"]
[WhiteElo "2604"]
[BlackElo "2408"]
[TimeControl "180+1"]
[EndTime "11:17:20 PDT"]
[Termination "smshk35 won by resignation"]

1. d4 Nf6 2. Nc3 g6 3. e4 d6 4. g3 Bg7 5. Bg2 O-O 6. Nge2 e5 7. h3 Nc6 8. Be3 exd4 9. Nxd4 Re8 10. O-O Nd7 11.
Re1 Nxd4 12. Bxd4 Nc5 13. Nd5 c6 14. Bxg7 Kxg7 15. Qd4+ f6 16. Nc3 Qe7 17. Rad1 Rd8 18. f4 Ne6 19. Qf2 Bd7 20. a4 Be8 21. Rd2 Bf7 22.
h4 h5 23. Bh3 a5 24. Bxe6 Bxe6 25. f5 Bf7 26. Qf3 d5 27. Rf1 dxe4 28. Nxe4 Rxd2 29.
Nxd2 Re8 30. fxg6 Bxg6 31. Qf2 Qe3 32. Nc4 Qxf2+ 33. Kxf2 Bxc2 34. Nxa5 Bxa4 35. Nxb7 Rb8 36. Nc5 Rxb2+ 37. Ke3 Bb5 38. Rd1 Rg2 39. Rd7+ Kg6 40. Kf3 Rc2 41. Ne6 Be2+ 42. Ke3 Bg4 43. Rg7+ Kh6 44.
Rxg4 hxg4 45. Nd4 Rc3+ 46. Kf4 Kh5 47. Nf5 Rf3+ 48. Ke4 c5 49. Ng7+ Kg6 50. Ne6 f5+ 51. Kd5 Rxg3 52. Nf4+ Kh6 53. Kxc5 Rf3 54. Ne2 Kh5 55.
Kd4 Kxh4 56. Ke5 g3 57. Nf4 Rxf4 0-1

[Event "*** Titled Tuesday Blitz"]
[Site "Chess.com"]
[Date "2020.05.12"]
[Round "7"]
[White "petincash"]
[Black "warmoatmeal"]
[Result "1-0"]
[WhiteElo "2367"]
[BlackElo "2206"]
[TimeControl "180+1"]
[EndTime "11:17:20 PDT"]
[Termination "petincash won on time"]

1. Nf3 Nf6 2. g3 d5 3. Bg2 c6 4.
O-O Bg4 5. d3 e6 6. c4 Nbd7 7.
Nc3 Be7 8. Qb3 Qb6 9. Be3 Qxb3 10. axb3 a6 11. Na4 O-O 12. Nb6 Nxb6 13. Bxb6 Bd8 14.
Bc5 Re8 15. b4 Be7 16. Rfe1 Bxc5 17. bxc5 dxc4 18. dxc4 Bxf3 19. Bxf3 Red8 20. Red1 Kf8 21. Kf1 Ke7 22. Ke1 Rxd1+ 23. Kxd1 Rd8+ 24. Kc2 Rd7 25. e3 Ne8 26. b4 Nc7 27. Kc3 e5 28. h4 f6 29. h5 Ne6 30. Be4 h6 31. Bf5 Rd8 32. f4 Rd7 33. Rb1 Rd8 34. Rg1 Nc7 35. g4 exf4 36. exf4 Kf7 37. Re1 Ra8 38.
Rd1 Kf8 39. Rd7 Ne8 40. Rxb7 a5 41. b5 a4 42. Kb2 a3+ 43. Ka2 Ra4 44. Be6 cxb5 45. cxb5 Re4 46. Rf7+ Kg8 47. Bd5 Re2+ 48. Kxa3 Kh7 49. Rd7 f5 50. g5 Re3+ 51. Kb4 hxg5 52.
fxg5 f4 53. b6 f3 54. Rf7 1-0

[Event "*** Titled Tuesday Blitz"]
[Site "Chess.com"]
[Date "2020.05.12"]
[Round "7"]
[White "Leonid_Starozhilov"]
[Black "Zufi1811"]
[Result "1-0"]
[WhiteElo "2650"]
[BlackElo "2456"]
[TimeControl "180+1"]
[EndTime "11:17:21 PDT"]
[Termination "Leonid_Starozhilov won on time"]

1. e4 c5 2. Nf3 d6 3. Bb5+ Nd7 4. O-O Nf6 5. Re1 a6 6. Bxd7+ Bxd7 7. c3 Bc6 8. d4 cxd4 9. cxd4 Bxe4 10. Nc3 Bxf3 11. Qxf3 d5 12. Bg5 e6 13. Bxf6 gxf6 14. Nxd5 Bg7 15.
Nf4 Qxd4 16. Rad1 Qxb2 17. Nxe6 fxe6 18. Qh5+ Ke7 19. Rb1 Qxb1 20. Rxb1 b5 21. a4 f5 22.
Qh4+ Bf6 23. Qb4+ Kf7 24. axb5 axb5 25. Qxb5 Ra2 26. Qd7+ Be7 27. Re1 Ra6 28. g3 Rd8 29. Qb7 Rad6 30. Qf3 Kg6 31. Re2 h5 32. Kg2 Bf6 33. Qb3 e5 34. Qc2 e4 35. h3 Rd4 36. Qc7 R8d7 37. Qc8 Rd8 38. Qe6 R4d6 39. Qc4 Rd5 40. Qc1 Bg5 41. Qb1 Bf6 42. g4 hxg4 43. hxg4 Rd4 44. gxf5+ Kxf5 45. f3 Rg8+ 46. Kh2 Rh8+ 47. Kg2 Rg8+ 48. Kf1 Re8 49. Qb5+ Kf4 50.
Qxe8 1-0

[Event "*** Titled Tuesday Blitz"]
[Site "Chess.com"]
[Date "2020.05.12"]
[Round "7"]
[White "mjray79"]
[Black "RestartingChess"]
[Result "1-0"]
[WhiteElo "2286"]
[BlackElo "2505"]
[TimeControl "180+1"]
[EndTime "11:17:21 PDT"]
[Termination "mjray79 won by resignation"]

1. d4 Nf6 2. c4 e5 3. dxe5 Ng4 4. Bf4 Nc6 5. Nf3 Bb4+ 6. Nbd2 Qe7 7. e3 Ngxe5 8. Nxe5 Nxe5 9. Be2 d6 10. O-O Bxd2 11. Qxd2 O-O 12. Rac1 b6 13. b4 a5 14. a3 axb4 15. axb4 Ng6 16. Bg3 Be6 17. c5 bxc5 18. bxc5 Ra2 19. cxd6 Rxd2 20. dxe7 Nxe7 21. Bf3 c6 22. Bxc6 Nxc6 23. Rxc6 h6 24. Rd6 Ra2 25. Rfd1 Kh7 26. h3 Rc8 27. R1d2 Ra1+ 28. Rd1 Ra2 29. R6d2 Ra4 30. Rd4 Ra2 31. R4d2 Ra5 32. f4 f5 33. Rd6 Bb3 34. Rb1 Bc2 35. Rc1 Rac5 36. Bf2 Be4 37. Rxc5 Rxc5 38. Rd7 Rc1+ 39. Kh2 Rc2 40. Kg3 h5 41. h4 Kg6 42. Rd6+ Kf7 43. Rb6 g6 44. Ra6 Rc1 45. Ra2 Bd5 46. Ra7+ Kf6 47.
Ra6+ Kf7 48. Rd6 Bc6 49. Kh2 Rc2 50. Kg3 Be4 51. Ra6 Rc8 52. Ra7+ Ke6 53. Ra6+ Bc6 54. Ra5 Kd6 55. Ra3 Rb8 56. Rd3+ Bd5 57. Rd2 Rb3 58. Kh2 Ke6 59. Kg3 Kd6 60. Kh2 Kc6 61. Kg3 Be4 62. Ra2 Bd3 63. Kf3 Kd5 64. Ra5+ Kc4 65. Ra4+ Kc3 66. Be1+ Kc2 67. Ra7 Be4+ 68. Kf2 Kd1 69.
Rd7+ Kc1 70. Rd6 Bd3 71. Rxg6 Kd1 72. Ba5 Rb2+ 73. Kg3 Be4 74. Kh3 Ke2 75. Bc7 Kxe3 76. Be5 Kf2 77. Bxb2 1-0

[Event "*** Titled Tuesday Blitz"]
[Site "Chess.com"]
[Date "2020.05.12"]
[Round "7"]
[White "guillembaches"]
[Black "theblitzchamp"]
[Result "1-0"]
[WhiteElo "2428"]
[BlackElo "2638"]
[TimeControl "180+1"]
[EndTime "11:17:21 PDT"]
[Termination "guillembaches won by checkmate"]

1. e4 e5 2. Nf3 Nc6 3. Nc3 Nf6 4. d4 exd4 5. Nxd4 Bb4 6. Nxc6 bxc6 7. Bd3 d6 8. O-O Be6 9. Bg5 h6 10. Bh4 g5 11. Bg3 h5 12. f4 Ng4 13. f5 Bc5+ 14.
Kh1 Ne3 15. Qe2 Nxf1 16. Rxf1 Bd7 17. e5 Kf8 18. Ne4 h4 19. Be1 Bd4 20. e6 Bc8 21. Bd2 f6 22. Nxg5 fxg5 23. f6 Bxe6 24. Qxe6 Qe8 25.
Qg4 Be5 26. Qxg5 Qf7 27. Bg6 Qd7 28. Qh6+ Rxh6 29. Bxh6+ Kg8 30. f7+ Qxf7 31. Rxf7 Bxb2 32. Rxc7 c5 33. Be4 Rb8 34. Bd5+ Kh8 35. Kg1 Bd4+ 36. Kf1 Rb1+ 37. Ke2 Rg1 38. Be3 Bxe3 39. Kxe3 Rd1 40. c4 Ra1 41. Rxa7 h3 42. gxh3 Re1+ 43. Kf4 Rf1+ 44. Bf3 Rc1 45. Ra4 Rc2 46. Ke4 Rxh2 47. Bg4 Rd2 48. Ra7 Rd4+ 49. Kf5 Kg8 50. Kf6 Rf4+ 51.
Bf5 Rxc4 52. Ra8# 1-0

[Event "*** Titled Tuesday Blitz"]
[Site "Chess.com"]
[Date "2020.05.12"]
[Round "7"]
[White "SpasKozhuharov"]
[Black "SahaNeelash"]
[Result "1-0"]
[WhiteElo "2692"]
[BlackElo "2541"]
[TimeControl "180+1"]
[EndTime "11:17:22 PDT"]
[Termination "SpasKozhuharov won by checkmate"]

1. c4 e6 2. Nc3 d5 3. d4 Nf6 4.
Nf3 Be7 5. Bf4 O-O 6. e3 c6 7. Qc2 Nbd7 8. h3 b6 9. cxd5 exd5 10.
Bd3 Bb7 11. O-O h6 12. Rfd1 Rc8 13. Qe2 Nb8 14. Rac1 Bd6 15. Ne5 Qe7 16. a3 Rfd8 17. b4 Nbd7 18. Bf5 g6 19. Nxd7 Nxd7 20. Bxd7 Rxd7 21.
Bxh6 Qh4 22. Qg4 Qxg4 23. hxg4 Re8 24. Bg5 Kg7 25. Bf4 Bxf4 26. exf4 Rde7 27. f3 Bc8 28. g5 Bd7 29. Kf2 Rh8 30. Re1 Be6 31. Rh1 Rxh1 32. Rxh1 Rc7 33. Rc1 c5 34. dxc5 bxc5 35.
Nb5 Rd7 36. bxc5 d4 37. c6 Rd5 38. Nxa7 Ra5 39. c7 Rxa7 40. c8=Q Bxc8 41. Rxc8 Rxa3 42. Rd8 Ra2+ 43. Kg3 Rd2 44. Kh3 Kh7 45. g4 Kg7 46.
f5 gxf5 47. gxf5 d3 48. Kg4 Rg2+ 49. Kf4 d2 50. Rd7 Kf8 51. f6 Ke8 52. Rd6 Rf2 53.
Ke3 Rg2 54. f4 Rg3+ 55. Kxd2 Kf8 56. Rd8# 1-0

[Event "*** Titled Tuesday Blitz"]
[Site "Chess.com"]
[Date "2020.05.12"]
[Round "7"]
[White "manitodeplomo"]
[Black "MateSchmate"]
[Result "1-0"]
[WhiteElo "2615"]
[BlackElo "2427"]
[TimeControl "180+1"]
[EndTime "11:17:22 PDT"]
[Termination "manitodeplomo won by resignation"]

1. d4 c5 2. d5 e5 3. c4 d6 4. Nc3 g6 5. e4 Bg7 6. h4 h6 7. h5 g5 8. g4 a6 9. a3 Ne7 10. b4 Nd7 11. f3 a5 12. Bd2 axb4 13.
axb4 Rxa1 14. Qxa1 cxb4 15. Nb5 Nc5 16. Bxb4 O-O 17.
Bxc5 dxc5 18. Qa7 Bd7 19. Rh2 Nc8 20. Qxc5 Qa5+ 21. Rd2 Nb6 22. Qa3 Ra8 23. Qxa5 Rxa5 24. Bd3 Bf8 25. Ke2 Nxc4 26. Bxc4 Bxb5 27. Bxb5 Rxb5 28. Nh3 Bc5 29. Nf2 Bxf2 30. Kxf2 Kf8 31. d6 Ke8 32. d7+ Kd8 33. Rd6 Rb2+ 34. Kg3 b5 35.
Rxh6 Kxd7 36. Rb6 Kc7 37. Rf6 Rb1 38. Rxf7+ Kc6 39. Rf5 b4 40. Rxg5 b3 41. Rg6+ Kc5 42. Rg8 b2 43. Rc8+ Kd6 44. Rb8 Rg1+ 45. Kh4 b1=Q 46.
Rxb1 Rxb1 47. Kg5 Ke6 48. Kg6 Rf1 49. h6 Rxf3 50. h7 Rf8 51. g5 Ke7 52. Kh6 Rf4 53. h8=Q Rh4+ 54. Kg7 Rxh8 55. Kxh8 Kf7 56. Kh7 Ke6 57.
g6 1-0

[Event "*** Titled Tuesday Blitz"]
[Site "Chess.com"]
[Date "2020.05.12"]
[Round "7"]
[White "Sesleria"]
[Black "Bagirova"]
[Result "0-1"]
[WhiteElo "1972"]
[BlackElo "2188"]
[TimeControl "180+1"]
[EndTime "11:17:22 PDT"]
[Termination "Bagirova won by resignation"]

1. d4 d5 2. c4 e6 3. Nc3 a6 4. e4 dxe4 5. Nxe4 Bb4+ 6. Bd2 Qxd4 7. Bxb4 Qxe4+ 8. Be2 Qxg2 9. Bf3 Qg5 10. Nh3 Qe5+ 11. Kf1 Qxb2 12. Rb1 Qxa2 13. Bf8 Qxc4+ 14. Be2 Qh4 15. Bxg7 Qxh3+ 16. Ke1 Qg2 17. Bxh8 Qxh1+ 18. Bf1 Qe4+ 19. Be2 Nd7 20. Rb3 Ngf6 21. Rf3 Nd5 22. Qc1 b5 23. Qg5 Bb7 24. Qg8+ Nf8 25. Qxf7+ Kd8 26.
Qxf8+ Kd7 27. Qf7+ Kc6 28. Bg7 Rd8 29. Kf1 Qb1+ 30.
Kg2 Rd7 31. Qf8 Qg6+ 32. Rg3 Nf4+ 33. Kf3 Kb6+ 34. Kxf4 Qc2 35. Bf3 Qd2+ 36. Kg4 Qc2 37. Bxb7 Kxb7 38. Qf3+ Ka7 39. Be5 Qg6+ 40. Kh3 Qc2 41.
Kg2 Rd1 42. Qe3+ Kb7 43. Rg7 Qc6+ 44. Qf3 Qxf3+ 45. Kxf3 Rc1 46. Rxh7 a5 47. h4 a4 48.
h5 a3 49. Rxc7+ Rxc7 50. Bxc7 Kxc7 51. h6 a2 52. h7 a1=Q 0-1

[Event "*** Titled Tuesday Blitz"]
[Site "Chess.com"]
[Date "2020.05.12"]
[Round "7"]
[White "wild_cat99"]
[Black "InitiatingASC"]
[Result "0-1"]
[WhiteElo "2588"]
[BlackElo "2357"]
[TimeControl "180+1"]
[EndTime "11:17:23 PDT"]
[Termination "InitiatingASC won by resignation"]

1. Nf3 d5 2. c4 e6 3. e3 Nf6 4. b3 Be7 5. Bb2 O-O 6. d4 b6 7.
Bd3 Bb7 8. O-O Nbd7 9. Qc2 c5 10. Nbd2 cxd4 11. Nxd4 Rc8 12. Qd1 Ne5 13. Be2 Ng6 14.
cxd5 Bxd5 15. Rc1 Qd7 16. Nc4 Qb7 17. Bf3 Rfd8 18. Qe2 Bxf3 19. Qxf3 Qxf3 20. Nxf3 Ne4 21. Nce5 a5 22. Nc6 Rd7 23. Nfe5 Rxc6 24. Nxc6 Bf8 25. Rfd1 Rxd1+ 26. Rxd1 f6 27. Rd7 Nc5 28. Ra7 Bd6 29. b4 axb4 30. Nxb4 Ne7 31. Ra8+ Kf7 32. f3 Nd7 33. Nd3 e5 34. e4 Ke6 35. Ba3 Bxa3 36. Rxa3 h5 37. Kf2 h4 38. Ke3 g5 39. Ra6 Kd6 40.
a4 Nc6 41. Ra8 Nd4 42. a5 bxa5 43. Rxa5 Ke7 44. Ra6 Nc2+ 45. Kd2 Nd4 46. Nb4 Nb3+ 47. Kc3 Nd4 48. Nd5+ Kf7 49. Ra7 Nb5+ 50. Kb4 Nxa7 51.
Ka5 Nc6+ 52. Ka6 Nd4 53. Kb7 Nc5+ 54. Kc7 Nce6+ 55. Kd6 Nf4 56. g3 Nxd5 57. exd5 Nxf3 58. gxh4 gxh4 59. Kc7 e4 60. d6 Ne5 61. d7 Nxd7 62.
Kxd7 e3 0-1

[Event "*** Titled Tuesday Blitz"]
[Site "Chess.com"]
[Date "2020.05.12"]
[Round "7"]
[White "HrvojeZagreb"]
[Black "AsaHoffmann"]
[Result "1-0"]
[WhiteElo "2198"]
[BlackElo "2379"]
[TimeControl "180+1"]
[EndTime "11:17:23 PDT"]
[Termination "HrvojeZagreb won on time"]

1. d4 Nf6 2. Bf4 d6 3. Nc3 c6 4. Qd2 Bf5 5. f3 Nbd7 6. e4 Bg6 7. O-O-O e5 8. Be3 Be7 9. g4 Qa5 10. Kb1 b5 11. h4 h6 12. h5 Bh7 13. Nh3 Nb6 14. dxe5 dxe5 15. g5 hxg5 16. Nxg5 b4 17. Ne2 Nc4 18. Qd3 Nxe3 19. Qxe3 Qc5 20. Qxc5 Bxc5 21.
Ng3 Bf2 22. Nxh7 Rxh7 23. Nf5 g6 24. Nd6+ Ke7 25. Nc4 Bd4 26. f4 Rxh5 27. Rxh5 Nxh5 28. fxe5 c5 29. Nd6 Bxe5 30. Nb7 Bd4 31. c3 bxc3 32.
bxc3 Rb8 33. cxd4 Rxb7+ 34. Kc2 cxd4 35. Rxd4 Nf4 36. Rc4 Ne6 37. a4 Rc7 38. Rxc7+ Nxc7 39. Kc3 Kd6 40. Kd4 Ne6+ 41. Kc4 Kc6 42. Kb4 f5 43. exf5 gxf5 44. Bh3 Ng7 45. Ka5 f4 46. Bg4 Ne8 47. Ka6 Nd6 48. Kxa7 Kc5 49. a5 Nc4 50. a6 Ne5 51.
Be2 Kd4 52. Bf1 Ke3 53. Kb7 Kf2 54. Bb5 1-0

[Event "*** Titled Tuesday Blitz"]
[Site "Chess.com"]
[Date "2020.05.12"]
[Round "7"]
[White "Colombiano07"]
[Black "Oligan22"]
[Result "0-1"]
[WhiteElo "2194"]
[BlackElo "2383"]
[TimeControl "180+1"]
[EndTime "11:17:24 PDT"]
[Termination "Oligan22 won by resignation"]

1. d4 d5 2. Nf3 a6 3. e3 Bg4 4.
Bd3 e6 5. Nbd2 c5 6. c3 Nc6 7. h3 Bh5 8. O-O Nf6 9. Qe2 Be7 10. dxc5 Bxc5 11. e4 Ne5 12. exd5 Nxd3 13. Qxd3 Qxd5 14. Qxd5 Nxd5 15. Nb3 Ba7 16. g4 Bg6 17.
Ne5 O-O 18. c4 Nb4 19. Bd2 Nc2 20. Nxg6 hxg6 21. Rac1 Nd4 22. Nxd4 Bxd4 23. Bc3 Rfd8 24. Rfd1 Bxc3 25. Rxd8+ Rxd8 26. Rxc3 Kf8 27. Kg2 Ke7 28. Kf3 g5 29. Ke3 f5 30. b4 Kf6 31. a4 Ke5 32. c5 f4+ 33. Ke2 Rc8 34. f3 Kd5 35. Kd3 e5 36. Rc4 Rh8 37. b5 axb5 38. axb5 Rxh3 39. Rc1 Rxf3+ 40. Ke2 Rh3 41. c6 bxc6 42. bxc6 Rh8 43. c7 Rc8 44. Kd3 e4+ 45. Kd2 Kd6 46. Rc4 Kd5 47. Rc1 Kd6 48. Rc4 Ke5 49. Rc5+ Kd4 50. Rc6 f3 51. Rd6+ Ke5 52. Rd7 Kf4 53. Rxg7 e3+ 54. Kd3 e2 55. Rf7+ Kxg4 56. Kd2 Kg3 57. Ke1 g4 58. Rh7 Kg2 59. Rf7 Rxc7 60. Rxc7 f2+ 61.
Kxe2 f1=Q+ 62. Ke3 Qf3+ 0-1

[Event "*** Titled Tuesday Blitz"]
[Site "Chess.com"]
[Date "2020.05.12"]
[Round "7"]
[White "tioloko"]
[Black "BogdanDeac"]
[Result "1-0"]
[WhiteElo "2665"]
[BlackElo "2917"]
[TimeControl "180+1"]
[EndTime "11:17:25 PDT"]
[Termination "tioloko won on time"]

1. Nf3 d5 2. b3 Nf6 3. Bb2 g6 4. g3 Bg7 5. Bg2 c5 6. O-O Nc6 7. e3 O-O 8. Qe2 Qd6 9. d4 cxd4 10. exd4 Bg4 11. Nbd2 Rac8 12. h3 Bf5 13. c4 Rfd8 14.
Ne5 Be6 15. Rfe1 Nd7 16. Nxc6 bxc6 17. c5 Qc7 18. Nf3 Nf8 19. b4 Rb8 20. Bc3 Re8 21. a3 Bf5 22. Rad1 Be4 23. Ng5 Bxg2 24. Kxg2 Nd7 25. h4 Nf6 26. Rd3 h6 27. Nh3 Ne4 28. Bd2 a5 29. Bf4 e5 30. dxe5 Bxe5 31. Rb3 Bxf4 32. Nxf4 axb4 33. axb4 Qb7 34. Qb2 Qb5 35.
Ree3 d4 36. Red3 Red8 37. Rxd4 Rxd4 38. Qxd4 Nxc5 39. Re3 Na6 40. Qf6 Qf5 41. Qd6 Kg7 42.
Re7 Kg8 43. h5 g5 44. Re5 Qh7 45. b5 Rxb5 46. Re8+ 1-0

[Event "*** Titled Tuesday Blitz"]
[Site "Chess.com"]
[Date "2020.05.12"]
[Round "7"]
[White "S2PAc"]
[Black "BakaPG"]
[Result "1/2-1/2"]
[WhiteElo "2778"]
[BlackElo "2660"]
[TimeControl "180+1"]
[EndTime "11:17:28 PDT"]
[Termination "Game drawn - insufficient material"]

1. d4 d5 2. Nf3 Nf6 3. g3 Bg4 4. Bg2 Nbd7 5. O-O e6 6. c4 c6 7. Nc3 Be7 8. h3 Bh5 9. Qb3 Qb6 10. c5 Qc7 11. Bf4 Qc8 12. g4 Bg6 13.
Nd2 O-O 14. e4 dxe4 15. Ndxe4 Nd5 16. Nxd5 exd5 17. Nd6 Bxd6 18. Bxd6 Re8 19. Rfe1 b6 20. cxb6 axb6 21. Rac1 Be4 22. f3 Bg6 23. Rxe8+ Qxe8 24. Rxc6 Qe1+ 25. Kh2 h5 26. Bg3 Qa5 27. a3 hxg4 28.
hxg4 Re8 29. Qc3 Re2 30. Qxa5 bxa5 31. Ra6 Rxb2 32. Rxa5 Nb6 33. Bf4 f6 34. Kg3 Bf7 35. Bf1 g5 36. Bc7 Nc4 37. Ra8+ Kg7 38. Bxc4 dxc4 39.
Ba5 Rb3 40. Rd8 Rd3 41. Bb4 c3 42. Rc8 Bd5 43. Rxc3 Rxd4 44. Bc5 Ra4 45. Bb4 Ra7 46. Rd3 Be6 47. Rd6 Kf7 48. Bc5 Rd7 49. Rxd7+ Bxd7 50. Kf2 Ke6 51. Ke3 f5 52. Bb6 fxg4 53. fxg4 Kd5 54. Kf3 Kc4 55. Bd8 Kb3 56. Be7 Ka4 57. Kg3 Kb3 58. Kf3 Ka4 59. Bxg5 Bxg4+ 60. Kxg4 Kxa3 1/2-1/2

[Event "*** Titled Tuesday Blitz"]
[Site "Chess.com"]
[Date "2020.05.12"]
[Round "7"]
[White "VincentKeymer"]
[Black "Msb2"]
[Result "1-0"]
[WhiteElo "2739"]
[BlackElo "2896"]
[TimeControl "180+1"]
[EndTime "11:17:30 PDT"]
[Termination "VincentKeymer won by resignation"]

1. Nf3 d5 2. e3 Nf6 3. c4 c6 4. Nc3 e6 5. b3 Bd6 6. Bb2 O-O 7.
h3 e5 8. cxd5 cxd5 9. Nb5 Nc6 10.
Nxd6 Qxd6 11. Bb5 d4 12. O-O Bd7 13. Rc1 Rac8 14. Bxc6 Bxc6 15. exd4 e4 16. Ne5 Nd5 17. Qg4 f5 18. Qe2 a6 19. a4 Qb4 20. Qd1 Nf4 21. Rc4 Qe7 22. Kh2 Bd5 23. Rxc8 Rxc8 24. g3 Ne6 25. d3 Ng5 26. dxe4 Nxe4 27. Qf3 Rc2 28. Qxf5 Rxb2 29. Nd3 Qd8 30. Nxb2 Nd2 31. Qf4 Nxf1+ 32. Kg1 Qd7 33. Kxf1 Qxh3+ 34. Ke2 Qe6+ 35. Kd2 Qe7 36. Kc3 a5 37. Nd3 h6 38. Qe5 Qd7 39. Nc5 Qc6 40. Kb2 b6 41. Nd3 Qd7 42. Nf4 Bf7 43. d5 Kh7 44. d6 Qc6 45. Qd4 Qd7 46.
Nd3 b5 47. Ne5 Qe6 48. d7 Qxb3+ 49. Kc1 Qa3+ 50. Kd2 Qa2+ 51. Ke3 Qb3+ 52. Qd3+ Qxd3+ 53. Kxd3 Bc4+ 54. Kd4 bxa4 55. d8=Q Bg8 1-0

[Event "*** Titled Tuesday Blitz"]
[Site "Chess.com"]
[Date "2020.05.12"]
[Round "7"]
[White "pawel83"]
[Black "GM_DarwinLaylo"]
[Result "0-1"]
[WhiteElo "2361"]
[BlackElo "2527"]
[TimeControl "180+1"]
[EndTime "11:17:30 PDT"]
[Termination "GM_DarwinLaylo won by resignation"]

1. d4 d5 2. Nf3 Nf6 3. e3 g6 4. b3 Bg7 5. Bb2 O-O 6. Bd3 c5 7. Nbd2 cxd4 8. exd4 Nc6 9. O-O Bf5 10. Bxf5 gxf5 11.
Ne5 Rc8 12. Ndf3 e6 13. a3 Ne4 14. Nxc6 bxc6 15. c4 Rb8 16. Rc1 Qb6 17. b4 a5 18.
Qd3 axb4 19. axb4 Rfd8 20. Ba3 Qa6 21. Rfd1 Ra8 22. Bb2 Rdb8 23. b5 Qa2 24. Rc2 dxc4 25. Qxc4 Qxc4 26. Rxc4 cxb5 27. Rb4 Bf8 28. Rb3 b4 29.
Ne5 Rb5 30. f3 Nf6 31. Bc3 Nd5 32. Be1 Ra3 33. Rdb1 Rxb3 34. Rxb3 f6 35. Nd3 Kf7 36. Kf1 Bd6 37. Ke2 e5 38. Bd2 exd4 39. Nb2 Bxh2 40. Kd3 Be5 41. Nc4 Ke6 42. f4 Bxf4 43. Na3 Rb8 44.
Nc2 Be5 45. g3 Rg8 46. Nxb4 Rxg3+ 47. Kc4 Rxb3 48. Kxb3 Nxb4 49. Kxb4 Kd5 0-1

[Event "*** Titled Tuesday Blitz"]
[Site "Chess.com"]
[Date "2020.05.12"]
[Round "7"]
[White "gusmaster2262"]
[Black "szefru"]
[Result "0-1"]
[WhiteElo "2263"]
[BlackElo "2110"]
[TimeControl "180+1"]
[EndTime "11:17:30 PDT"]
[Termination "szefru won by resignation"]

1. d4 Nf6 2. c4 g6 3. Nf3 Bg7 4. g3 O-O 5. Bg2 d5 6. O-O c6 7. Qa4 dxc4 8. Qxc4 Be6 9. Qa4 Qd7 10. Ne5 Qc8 11.
Qa3 Re8 12. Rd1 Nbd7 13. Nc3 Nxe5 14. dxe5 Ng4 15. f4 Qc7 16. h3 Qb6+ 17. e3 Nh6 18. Na4 Qc7 19. Nc5 Qc8 20. Nxe6 Qxe6 21. g4 Red8 22. Bd2 f6 23. exf6 exf6 24. Ba5 Re8 25. e4 f5 26. g5 Nf7 27. e5 h6 28. h4 Bf8 29. Qb3 Qxb3 30. axb3 hxg5 31. hxg5 Bc5+ 32. Kf1 Nd8 33. Rd3 Ne6 34. Bd2 Rad8 35. Ke2 Rxd3 36. Kxd3 Rd8+ 37. Kc3 Bd4+ 38. Kc2 Bb6 39. b4 Rd4 40. Be3 Rxb4 41. Bxb6 axb6 42. Ra8+ Kf7 43. Rb8 Nc5 44. Rc8 Rxf4 45. Rc7+ Ke6 46. Rg7 Rf2+ 47. Kc3 Rxg2 48. Rxg6+ Kxe5 49. b4 Ne4+ 50. Kb3 Rxg5 51. Rh6 Rg3+ 52. Kb2 f4 53. Rh5+ Kd4 54. Rh7 f3 0-1

[Event "*** Titled Tuesday Blitz"]
[Site "Chess.com"]
[Date "2020.05.12"]
[Round "7"]
[White "okriak"]
[Black "Kimster98"]
[Result "1-0"]
[WhiteElo "2791"]
[BlackElo "2563"]
[TimeControl "180+1"]
[EndTime "11:17:31 PDT"]
[Termination "okriak won by resignation"]

1. Nf3 Nf6 2. c4 b6 3. g3 Bb7 4. Bg2 e6 5. O-O Be7 6. Nc3 O-O 7. Re1 Ne4 8. Nxe4 Bxe4 9. d3 Bb7 10. e4 c5 11. d4 cxd4 12. Nxd4 d6 13. b3 a6 14. a4 Nc6 15. Ba3 Nxd4 16. Qxd4 Qc7 17. Rad1 Rfd8 18. Qd3 Bc6 19. Rc1 Rab8 20. Red1 Qb7 21.
Bb4 Rd7 22. Qe2 Rbd8 23. Rd3 b5 24. cxb5 axb5 25. a5 Qa6 26. Qd2 Bb7 27. Rd1 Bf8 28. e5 d5 29. Bxf8 Rxf8 30. b4 Rc7 31. Rc1 Rc4 32.
Rxc4 bxc4 33. Ra3 Bc6 34. Qd4 Rb8 35. Qc3 Qb5 36. a6 Qxb4 37. a7 Qb1+ 38. Bf1 Ra8 39. Qa5 Qb7 40. Qc5 h6 41. h4 Bd7 42. Kh2 Bc6 43.
Be2 Bd7 44. Bh5 Bc6 45. Bf3 Bd7 46. Be2 Bc6 47. Bh5 Bd7 48. Qe7 Bc6 49. Bxf7+ Kh8 50.
Qxe6 d4 51. Qxc4 Bh1 52. f3 Bxf3 53. Rb3 Qxa7 54. Rxf3 Rd8 55. Bg6 d3 56. Bxd3 Re8 57. Qe4 Qa2+ 58. Bc2 Qg8 59. Re3 Re7 60. e6 g5 61.
Qe5+ Qg7 62. Qxg7+ Kxg7 63. hxg5 hxg5 64. Kh3 Kf6 65.
Kg4 Rc7 66. e7 Rxe7 67. Rxe7 Kxe7 68. Kxg5 1-0

[Event "*** Titled Tuesday Blitz"]
[Site "Chess.com"]
[Date "2020.05.12"]
[Round "7"]
[White "druskacik"]
[Black "kleopl"]
[Result "1-0"]
[WhiteElo "2646"]
[BlackElo "2405"]
[TimeControl "180+1"]
[EndTime "11:17:31 PDT"]
[Termination "druskacik won on time"]

1. e4 d5 2. exd5 Qxd5 3. Nc3 Qd6 4. d4 Nf6 5. Nf3 c6 6. Ne5 Nbd7 7. f4 g6 8. g4 Bg7 9. Bg2 O-O 10. O-O Nb6 11.
g5 Nfd7 12. Ne4 Qc7 13. c3 f6 14. Qb3+ Nd5 15. gxf6 exf6 16. Nxd7 Bxd7 17. Nc5 Kh8 18. Qxb7 Qxb7 19. Nxb7 Rab8 20. Nc5 Bf5 21. a4 Rfe8 22. Ra3 Re2 23. Rb3 Rxb3 24. Nxb3 Bc2 25. Nc5 Bf8 26. Bf3 Re8 27. a5 Bxc5 28. dxc5 Be4 29. Be2 f5 30.
Kf2 Rb8 31. Bc4 Kg7 32. Re1 Kf6 33. Re2 Rb7 34. Be3 Ke7 35. Rd2 Rd7 36. Rd1 Rb7 37.
Bc1 Rd7 38. Kg3 Rb7 39. Rd2 Kf6 40. Re2 Re7 41. Bd2 Rb7 42. Be1 h6 43. h4 g5 44.
hxg5+ hxg5 45. fxg5+ Kxg5 46. Bd2+ Kf6 47. Bc1 Rg7+ 48.
Kf2 Rg2+ 49. Kf1 Rg4 50. Ba6 Rh4 51. Bd2 Rh1+ 52. Kf2 Rb1 53. Be3 Ke5 54. Bc4 Nxe3 55. Kxe3 f4+ 56. Kf2 Kf5 57. Rd2 Rc1 58. Be2 Ke5 59.
Bf3 Bxf3 60. Kxf3 Rf1+ 61. Rf2 Rxf2+ 62. Kxf2 1-0

[Event "*** Titled Tuesday Blitz"]
[Site "Chess.com"]
[Date "2020.05.12"]
[Round "7"]
[White "CzechmVIII"]
[Black "luizwas"]
[Result "1/2-1/2"]
[WhiteElo "2229"]
[BlackElo "1759"]
[TimeControl "180+1"]
[EndTime "11:17:31 PDT"]
[Termination "Game drawn by repetition"]

1. e4 e6 2. d4 d5 3. Nc3 Nf6 4. Bg5 h6 5. Bxf6 Qxf6 6. Nf3 Bb4 7. e5 Qe7 8. Bd3 c5 9. dxc5 Bxc5 10. O-O Nc6 11. Qe2 O-O 12. Rfe1 b6 13. Rad1 Bb7 14. a3 Rac8 15. Na4 Qd7 16. Nxc5 bxc5 17. c4 d4 18. Qe4 g6 19. Qh4 Kg7 20. Nd2 Qe7 21. Qg3 Qg5 22. Qxg5 hxg5 23. h3 Rh8 24. Nf3 g4 25. hxg4 Rh7 26.
Kf1 Rch8 27. Ke2 Ba6 28. b3 Na5 29. Bc2 Rd8 30. Kd2 Rhh8 31. Kc1 Bxc4 32. bxc4 Nxc4 33.
Nd2 Nxa3 34. Bd3 Rb8 35. Nc4 Nxc4 36. Bxc4 Rb4 37. Be2 Rhb8 38. Rh1 Rb1+ 39. Kd2 R8b2+ 40. Ke1 Rxd1+ 41. Bxd1 c4 42. Rh3 c3 43. Rd3 c2 44.
Bxc2 Rxc2 45. Rxd4 Ra2 46. Rd7 a5 47. f3 a4 48. Ra7 a3 49. Kf1 Ra1+ 50. Kf2 Ra2+ 51. Kg3 Ra1 52. Ra6 a2 53. Ra7 Kg8 54. g5 Kg7 55.
Ra8 Rb1 56. Rxa2 Re1 57. Ra5 Rb1 58. Rc5 Rb4 59. Ra5 Rd4 60. f4 Rd3+ 61. Kg4 Rd4 62. Ra7 Rd3 63. Rb7 Rd4 64. Ra7 Rc4 65. Rb7 Rd4 66.
Ra7 1/2-1/2

[Event "*** Titled Tuesday Blitz"]
[Site "Chess.com"]
[Date "2020.05.12"]
[Round "7"]
[White "Chess2019Player"]
[Black "zurzan"]
[Result "1-0"]
[WhiteElo "2185"]
[BlackElo "1972"]
[TimeControl "180+1"]
[EndTime "11:17:31 PDT"]
[Termination "Chess2019Player won by resignation"]

1. e4 d6 2. d4 Nf6 3. Nc3 Nbd7 4.
g3 e5 5. Nge2 g6 6. Bg2 Bg7 7. O-O O-O 8. h3 c6 9. Be3 Qe7 10. a4 b6 11. Qd2 Bb7 12. f4 exd4 13. Bxd4 c5 14. Bxf6 Nxf6 15. e5 dxe5 16. fxe5 Rad8 17.
exf6 Bxf6 18. Qf4 Bd4+ 19. Nxd4 cxd4 20. Ne4 f5 21. Nd2 Bxg2 22. Kxg2 Rfe8 23. Nf3 Qb7 24. Rae1 Re4 25. Rxe4 fxe4 26. Ng5 e3+ 27. Qf3 Qxf3+ 28.
Nxf3 d3 29. cxd3 Rxd3 30. Re1 Rb3 31. Re2 a6 32. Ne5 b5 33. axb5 axb5 34. Kf3 Kg7 35. Ng4 h5 36. Nxe3 Rb4 37. Rd2 g5 38. Nd5 Rb3+ 39. Ne3 g4+ 40. hxg4 hxg4+ 41. Kf2 b4 42. Nxg4 Kg6 43. Ne3 Kg5 44. Nd1 Kg4 45. Rd4+ Kg5 46. Rf4 Rd3 47. Ke2 Rxg3 48. Rxb4 Rg2+ 49. Kd3 Rg3+ 50. Ne3 Kf6 51. Re4 Rg1 52. b4 Rb1 53. Kc4 Rc1+ 54. Kb5 Rc3 55. Nd5+ 1-0